Map: King Sejong Station LE

Players

llllllllllll - Winner!

  • Race: Terran Terran
  • League: Grandmaster

LiquidTLO (TLO)

  • Race: Zerg Zerg
  • League: Grandmaster

VOD

Have the link to the VOD?

Description

Time

  • Played on: July 5, 2016, 5:05 p.m.
  • Length: 13:59
Show
View Real Time Build Order
Export as new Build Order

llllllllllll Terran - Winner!

Build Orders: Reaper Expand, MMM Bio 

Get SALT Encoding   

  12  0:00  SCV  
  13  0:12  SCV  
  14  0:17  Supply Depot  
  14  0:24  SCV  
  15  0:38  SCV  
  15  0:40  Barracks  
  16  0:43  Refinery  
  16  0:50  SCV  
  17  1:03  SCV  
  18  1:15  SCV  
  19  1:27  Reaper, Orbital Command  
  20  1:41  Command Center  
  20  1:52  Barracks  
  20  1:55  SCV  
  20  1:59  Barracks Reactor  
  21  2:05  Supply Depot  
  21  2:09  SCV  
  22  2:16  Refinery  
  22  2:21  SCV  
  23  2:31  Factory  
  23  2:33  SCV  
  23  2:36  Marine  
  25  2:37  Marine  
  25  2:42  Barracks Tech Lab  
  26  2:45  SCV  
  27  2:53  Orbital Command  
  27  2:57  Marine x2  
  27  3:08  SCV  
  28  3:15  Marine x2  
  30  3:20  SCV  
  30  3:23  Starport, Stimpack  
  30  3:25  SCV  
  32  3:29  Marine  
  32  3:32  SCV  
  32  3:33  Marine  
  35  3:34  Marine  
  35  3:36  Factory Reactor  
  35  3:40  SCV  
  37  3:48  Supply Depot, Marine  
  36  3:51  Marine  
  36  3:55  SCV  
  38  3:56  SCV  
  39  4:05  Marine x2  
  39  4:06  Supply Depot  
  39  4:07  SCV  
  39  4:08  SCV  
  43  4:12  Bunker  
  43  4:19  Medivac, SCV  
  43  4:20  Medivac  
  43  4:22  SCV  
  49  4:26  Marine x2  
  49  4:27  Marine  
  52  4:31  Supply Depot  
  52  4:32  SCV  
  52  4:34  SCV  
  54  4:41  Supply Depot  
  54  4:42  Supply Depot  
  54  4:47  Widow Mine  
  54  4:48  Supply Depot  
  54  4:49  SCV  
  57  4:53  Marine  
  57  4:54  Marine  
  57  4:58  SCV  
  60  5:01  SCV  
  60  5:02  Medivac x2  
  65  5:10  SCV  
  65  5:13  SCV  
  62  5:19  Marine x2  
  62  5:20  Widow Mine  
  53  5:21  Liberator  
  53  5:25  Liberator  
  50  5:28  Marine  
  50  5:31  SCV x2  
  55  5:47  Bunker  
  58  5:50  Supply Depot  
  58  5:55  Marine, SCV x2  
  60  5:58  Marine  
  60  5:59  Marine  
  62  6:07  SCV x2, Combat Shields  
  64  6:11  Liberator  
  64  6:14  Marine  
  64  6:16  Marine  
  66  6:19  SCV  
  66  6:20  SCV  
  68  6:31  SCV  
  68  6:32  SCV  
  73  6:37  Refinery  
  73  6:38  Marine x3  
  76  6:44  SCV x2  
  78  6:51  Command Center, Factory Tech Lab  
  77  6:56  SCV  
  77  6:57  SCV  
  79  7:08  SCV  
  80  7:09  SCV  
  77  7:19  Barracks  
  77  7:20  Engineering Bay, Barracks x2, SCV  
  77  7:21  SCV  
  75  7:23  Siege Tank, Liberator  
  75  7:24  Liberator  
  75  7:32  SCV  
  75  7:33  Engineering Bay, SCV  
  75  7:34  Supply Depot  
  75  7:35  Barracks  
  75  7:36  Barracks  
  80  7:44  SCV  
  80  7:47  Marine x3  
  84  7:53  Barracks  
  84  7:54  Refinery  
  84  7:58  SCV x2  
  84  8:04  Marine, Orbital Command  
  84  8:05  Marine x2  
  89  8:10  SCV  
  78  8:21  Marine  
  78  8:22  Marine x2, SCV  
  78  8:23  Marine, SCV  
  69  8:34  Terran Infantry Weapons Level 1, Terran Infantry Armor Level 1  
  69  8:39  SCV x2  
  69  8:40  Marine  
  70  8:42  Barracks Reactor x2  
  70  8:43  Orbital Command  
  70  8:46  Barracks Reactor  
  68  8:56  Siege Tank  
  68  8:57  Bunker, Liberator  
  68  8:59  Marine x3  
  68  9:01  SCV x2  
  77  9:10  SCV  
  77  9:13  SCV  
  77  9:14  SCV  
  77  9:17  Marine x3, Liberator  
  79  9:22  Marine x6, SCV  
  89  9:26  SCV x2, Armory  
  91  9:34  SCV  
  91  9:38  SCV  
  96  9:43  Armory  
  96  9:44  Supply Depot  
  96  9:45  Marine x6  
  97  9:46  Supply Depot  
  97  9:51  Siege Tank  
  105  9:55  SCV x2  
  105  9:57  Medivac  
  105  9:59  Marine x3  
  112  10:03  Marine x3  
  115  10:12  Marine  
  113  10:15  Marine x2  
  113  10:17  Marine  
  116  10:23  Siege Tank  
  116  10:26  Marine x5  
  123  10:30  Marine  
  123  10:32  Marine  
  123  10:33  Orbital Command  
  125  10:39  SCV  
  113  10:50  Marine x5  
  113  10:51  Marine x2  
  113  10:55  Siege Tank  
  113  10:56  SCV x2  
  128  11:07  Marine x2  
  128  11:08  Marine x2  
  132  11:19  Marine  
  132  11:20  Marine  
  132  11:23  Marine  
  132  11:24  Supply Depot, Marine x2  
  132  11:25  Marine x2  
  133  11:26  Supply Depot, Marine  
  133  11:27  Siege Tank  
  133  11:30  Terran Infantry Armor Level 2, Terran Infantry Weapons Level 2  
  132  11:34  Medivac  
  132  11:35  Medivac  
  136  11:40  Supply Depot  
  136  11:41  Supply Depot  
  133  11:55  Liberator x2  
  133  12:01  Marine x9, Siege Tank  
  145  12:10  Supply Depot  
  145  12:11  Supply Depot  
  151  12:19  Marine x5  
  156  12:39  Orbital Command  
  151  12:49  Marine, Siege Tank  
  139  12:55  Medivac x2  
  135  12:58  Marine x2  
  135  12:59  Marine x6  
  138  13:21  Siege Tank  
  139  13:32  Marine  
  139  13:33  Marine x8  
  142  13:51  Refinery x2, Barracks x2  
  142  13:52  Barracks x2  
  142  13:53  Supply Depot  
  142  13:54  Refinery  
Show
View Real Time Build Order
Export as new Build Order

LiquidTLO Zerg 

Build Orders: Hatch First, Zergling Baneling 

Get SALT Encoding   

  12  0:01  Drone  
  13  0:12  Overlord  
  13  0:17  Drone  
  14  0:30  Drone x2  
  17  0:35  Drone  
  17  0:52  Hatchery  
  17  0:55  Drone  
  17  0:59  Extractor  
  17  1:00  Drone  
  17  1:07  Drone  
  18  1:18  Spawning Pool  
  17  1:20  Drone  
  18  1:28  Drone  
  19  1:39  Overlord  
  19  2:04  Zergling x4  
  19  2:05  Metabolic Boost, Queen  
  19  2:07  Queen  
  25  2:08  Drone  
  25  2:11  Drone  
  25  2:15  Drone  
  28  2:23  Drone  
  28  2:29  Extractor  
  28  2:32  Zergling x2  
  28  2:34  Drone  
  30  2:40  Overlord  
  30  2:41  Queen  
  30  2:43  Extractor  
  33  2:53  Drone  
  34  2:58  Zergling x2  
  34  3:01  Drone  
  34  3:05  Hatchery  
  34  3:07  Drone x2  
  34  3:08  Zergling x2  
  36  3:14  Drone  
  36  3:16  Spore Crawler  
  36  3:20  Drone  
  36  3:22  Drone  
  36  3:25  Zergling x2  
  40  3:29  Drone  
  40  3:30  Drone  
  42  3:34  Drone  
  42  3:36  Drone  
  42  3:39  Overlord  
  43  3:43  Overlord  
  42  3:49  Baneling Nest, Zergling x2  
  42  3:52  Zergling x6  
  41  3:56  Zergling x2  
  41  3:57  Zergling x2  
  41  4:00  Zergling x4  
  45  4:04  Zergling x2  
  45  4:05  Drone  
  45  4:06  Extractor  
  46  4:12  Zergling x2  
  47  4:17  Zergling x4  
  47  4:21  Queen  
  47  4:23  Zergling x2  
  52  4:27  Zergling x4  
  52  4:28  Zergling x2  
  52  4:30  Zergling x4  
  57  4:35  Baneling  
  57  4:36  Baneling x5  
  57  4:37  Zergling x2, Baneling  
  58  4:40  Zergling x2  
  58  4:44  Zergling x2, Baneling  
  58  4:45  Zergling x2, Baneling  
  61  4:49  Zergling x2  
  61  4:51  Drone  
  61  4:52  Drone  
  64  4:53  Zergling x2  
  64  4:57  Drone  
  65  5:00  Overlord  
  65  5:05  Baneling x4  
  60  5:19  Drone  
  60  5:21  Drone  
  59  5:22  Evolution Chamber x2  
  59  5:24  Drone  
  59  5:26  Drone  
  59  5:27  Drone  
  59  5:29  Drone  
  59  5:30  Drone  
  59  5:32  Drone x2  
  61  5:37  Roach Warren, Drone  
  61  5:39  Drone  
  61  5:41  Drone  
  62  5:43  Drone  
  62  5:46  Drone x2  
  65  5:51  Zerg Ground Armor Level 1  
  65  5:57  Zerg Missile Weapons Level 1  
  65  6:00  Overlord x2  
  65  6:04  Overlord  
  65  6:07  Overlord  
  65  6:11  Spore Crawler  
  65  6:14  Extractor  
  65  6:16  Extractor, Zergling x2, Drone  
  64  6:19  Roach  
  64  6:20  Roach x2  
  64  6:21  Drone x2  
  72  6:26  Roach x2  
  72  6:31  Drone  
  72  6:32  Roach  
  79  6:33  Roach  
  79  6:34  Roach  
  83  6:40  Drone  
  83  6:42  Ravager  
  85  6:48  Drone  
  85  6:49  Roach  
  85  6:50  Zergling x2  
  85  6:51  Zergling x4  
  85  6:52  Zergling x2  
  85  6:53  Drone  
  93  6:54  Overlord  
  93  6:55  Extractor  
  93  6:56  Overlord  
  93  6:57  Zergling x2  
  93  6:59  Zergling x2  
  93  7:00  Zergling x2  
  96  7:01  Zergling x4  
  96  7:07  Zergling x2  
  95  7:09  Ravager x2  
  95  7:14  Zergling x2  
  97  7:17  Zergling x4  
  97  7:22  Zergling x2  
  92  7:23  Zergling x4  
  92  7:25  Zergling x2  
  92  7:26  Zergling x2  
  94  7:36  Roach  
  96  7:37  Roach  
  96  7:38  Ravager x2  
  96  7:39  Drone  
  96  7:40  Drone  
  96  7:42  Zergling x2  
  98  7:45  Zergling x2  
  98  7:46  Baneling  
  93  7:53  Spore Crawler  
  93  7:57  Roach  
  93  8:03  Roach x2  
  93  8:09  Roach  
  82  8:16  Roach  
  77  8:20  Zergling x4  
  77  8:22  Zergling x2  
  77  8:23  Zergling x2  
  77  8:26  Zergling x2  
  69  8:28  Zergling x2  
  69  8:29  Zergling x2, Queen  
  67  8:35  Zergling x2  
  67  8:36  Zergling x2  
  67  8:37  Zergling x2  
  67  8:38  Zergling x2  
  63  8:43  Roach  
  63  8:45  Zergling x2  
  63  8:46  Drone  
  63  8:47  Drone  
  68  8:53  Drone  
  69  8:55  Zergling x2  
  70  9:05  Zergling x2  
  70  9:06  Zergling x2  
  70  9:08  Zergling x2  
  73  9:10  Drone  
  73  9:14  Roach  
  73  9:15  Drone  
  75  9:24  Ravager  
  75  9:25  Ravager x2  
  75  9:26  Drone  
  75  9:28  Drone  
  80  9:32  Zergling x6  
  80  9:36  Overlord, Zergling x2  
  80  9:38  Ravager  
  85  9:40  Zergling x2  
  85  9:44  Zergling x4  
  89  9:45  Ravager  
  89  9:48  Drone  
  89  9:49  Zergling x2  
  91  9:56  Zergling x2  
  91  9:57  Zergling x4  
  91  9:59  Zergling x2  
  95  10:00  Zergling x2  
  95  10:04  Zergling x2  
  97  10:11  Zergling x2  
  97  10:12  Roach  
  97  10:13  Roach  
  102  10:18  Roach  
  104  10:27  Overlord x2  
  104  10:30  Baneling  
  104  10:31  Baneling  
  96  10:47  Roach  
  44  10:57  Roach  
  44  10:58  Roach  
  44  11:03  Roach x5  
  44  11:04  Roach x2  
  54  11:15  Roach x2  
  54  11:17  Zergling x4  
  56  11:20  Zergling x2  
  56  11:23  Zergling x2  
  56  11:26  Zergling x2  
  56  11:28  Zergling x2  
  56  11:30  Ravager  
  56  11:31  Ravager  
  56  11:32  Ravager  
  61  11:33  Ravager  
  61  11:34  Ravager  
  61  11:37  Ravager  
  61  11:38  Ravager  
  61  11:39  Ravager  
  66  11:51  Ravager  
  66  11:53  Zergling x2  
  62  12:13  Ravager  
  59  12:16  Zergling x2  
  59  12:18  Zergling x6  
  20  13:28  Hatchery  
Tags
 
Add a new tag
Caveats
  • Supply blocks, unpowered buildings, or Contaminate may cause inaccurate times.
  • Supply counts are checked every 10 seconds.